 Dungeon Crawl Stone Soup version 0.28.0 (webtiles) character file.

Game seed: 3793863117540800068

1386 MacCMillion the Geomancer (level 8, -3/49 HPs)
             Began as a Gargoyle Earth Elementalist on Feb 12, 2022.
             Slain by Duvessa (9 damage)
             ... on level 5 of the Dungeon.
             The game lasted 00:17:07 (8476 turns).

MacCMillion the Geomancer (GrEE)                    Turns: 8476, Time: 00:17:08

Health: -3/49      AC:  7    Str: 13    XL:     8   Next: 67%
Magic:  5/11       EV: 12    Int: 17    God:
Gold:   312        SH:  0    Dex: 10    Spells: 7/11 levels left

rFire   + . .      SeeInvis .   g - +0 dagger
rCold   . . .      Faith    .   (no shield)
rNeg    + . .      Spirit   .   b - +0 robe
rPois   ∞          Reflect  .   (no helmet)
rElec   +          Harm     .   (no cloak)
rCorr   .          Rampage  .   (no gloves)
Will    +....                   (no boots)
Stlth   +++.......              z - amulet of magic regeneration
HPRegen 0.16/turn               s - ring of willpower
MPRegen 0.52/turn               t - ring of protection from fire

@: no status effects
A: sickness immunity, AC +5, negative energy resistance 1, electricity
resistance, torment resistance 1, petrification resistance
a: no special abilities


You were on level 5 of the Dungeon.
You visited 1 branch of the dungeon, and saw 5 of its levels.

You collected 312 gold pieces.

Inventory:

Hand Weapons
 d - a +0 spear
 g - a +0 dagger (weapon)
 h - a +0 flail
 q - a +3 trident
Missiles
 c - 34 stones
Armour
 b - a +0 robe (worn)
 j - a +0 leather armour
Jewellery
 s - a ring of willpower (left hand)
 t - a ring of protection from fire (right hand)
 z - an amulet of magic regeneration (around neck)
Wands
 w - a wand of charming (9)
Scrolls
 a - a scroll of amnesia {unknown}
 e - a scroll of acquirement {unknown}
 f - a scroll of immolation {unknown}
 m - 3 scrolls of identify {unknown}
 n - a scroll of enchant armour {unknown}
 o - a scroll of torment {unknown}
 r - a scroll of noise {unknown}
 u - a scroll of blinking {unknown}
 v - 2 scrolls of teleportation {unknown}
 x - a scroll of fog {unknown}
 y - a scroll of magic mapping {unknown}
Potions
 i - a potion of might {unknown}
 k - a potion of berserk rage {unknown}
 l - 2 potions of flight {unknown}
 p - a potion of resistance {unknown}
 A - a potion of magic {unknown}


   Skills:
 - Level 5.0 Fighting
 - Level 2.0 Dodging
 - Level 5.0 Stealth
 - Level 2.0 Spellcasting
 - Level 5.0 Conjurations
 - Level 1.0 Transmutations
 + Level 8.8 Earth Magic


You had 7 spell levels left.
You knew the following spells:

 Your Spells              Type           Power      Damage    Failure   Level
a - Sandblast             Erth           62%        2d14      1%          1
b - Stone Arrow           Conj/Erth      50%        3d10      3%          3

Your spell library contained the following spells:

 Spells                   Type           Power      Damage    Failure   Level
 Passwall                 Tmut/Erth      15%        N/A       3%          2
 Shock                    Conj/Air       40%        1d5       7%          1
 Petrify                  Tmut/Erth      18%        N/A       26%         4
 Swiftness                Air            1%         N/A       50%         3
 Airstrike                Air            0%         N/A       88%         4


Dungeon Overview and Level Annotations

Branches:
Dungeon (5/15)
 Temple: D:4-7

Altars:
Makhleb

Shops:
D:1 ?   D:3 =   D:5 :

Annotations:
D:5 Duvessa


Innate Abilities, Weirdness & Mutations

You are immune to sickness and miasma.
Your stone body is resilient. (AC +5)
You are immune to poison.
You resist negative energy. (rN+)
You are resistant to electric shocks. (rElec)
You are resistant to unholy torment.
You are immune to petrification.


Message History

Casting: Sandblast (safe; 1% risk of failure)
Confirm with . or Enter, or press ? or * to list all spells.
Aiming: Stone Arrow (dangerous; 3% risk of failure)
Press: ? - help, Shift-Dir - straight line, f - Duvessa
Aim: Duvessa, wielding a +0 rapier and wearing a +0 leather armour (berserk, 75% to hit)
The stone arrow hits Duvessa!
Duvessa is moderately wounded.
Casting: Stone Arrow (dangerous; 3% risk of failure)
Confirm with . or Enter, or press ? or * to list all spells.
Aiming: Stone Arrow (dangerous; 3% risk of failure)
Press: ? - help, Shift-Dir - straight line, f/p - Duvessa
Aim: Duvessa, wielding a +0 rapier and wearing a +0 leather armour (moderately wounded, berserk, 75% to hit)
Okay, then.
Okay, then.
Casting: Stone Arrow (dangerous; 3% risk of failure)
Confirm with . or Enter, or press ? or * to list all spells.
Aiming: Stone Arrow (dangerous; 3% risk of failure)
Press: ? - help, Shift-Dir - straight line, f/p - Duvessa
Aim: Duvessa, wielding a +0 rapier and wearing a +0 leather armour (moderately wounded, berserk, 75% to hit)
The stone arrow misses Duvessa.
Casting: Stone Arrow (dangerous; 3% risk of failure)
Confirm with . or Enter, or press ? or * to list all spells.
You don't know that spell.
The blast of sand hits Duvessa but does no damage.
Duvessa is moderately wounded.
Duvessa closely misses you.
The blast of sand hits Duvessa.
Duvessa is moderately wounded.
Duvessa hits you with a +0 rapier!! x2
* * * LOW HITPOINT WARNING * * *
You are too injured to fight recklessly!
Unknown command.
Okay, then.
Okay, then.
Aiming: Sandblast (safe; 1% risk of failure)
Press: ? - help, Q - select action, (/) - cycle Shift-Dir - straight line, f/p - Duvessa
Aim: Duvessa, wielding a +0 rapier and wearing a +0 leather armour (moderately wounded, berserk, 84% to hit)
The blast of sand misses Duvessa.
Duvessa hits you with a +0 rapier!
You die...

#.#........#
#.#.######## #.#<..#
# #.#.#.#
##############.#.#.#
......>........#.#.#
######.#########.#.#
# #.# #)#.#
######.## #@#.#
........# #e#.#
######..# #.#.#
........# #.#.#
.######.## #.#.§ .#
#..# #.### .# #..##
#.# .# ##..# #..
.### #..#


You could see Duvessa (berserk).

Vanquished Creatures
  3 ogres (D:4)
  4 necrophages
  3 centaurs
  Dowan (D:5)
  A killer bee (D:4)
  A howler monkey (D:4)
  A centaur zombie (D:5)
  An orc priest (D:4)
  A hound (D:5)
  3 bullfrog skeletons
  A centaur skeleton (D:4)
  2 iguanas (D:4)
  An orc wizard (D:3)
  A hound skeleton (D:5)
  A gnoll (D:1)
  4 adders
  2 worms
  2 dart slugs (D:2)
  18 orcs
  5 ball pythons
  4 endoplasms
  3 giant cockroaches
  5 goblins
  6 hobgoblins
  4 jackals (D:2)
  A quokka (D:2)
  7 bats
  3 frilled lizards
  5 kobolds
  9 rats
103 creatures vanquished.

Notes
Turn   | Place    | Note
-------+----------+-------------------------------------------
     0 | D:1      | MacCMillion the Gargoyle Earth Elementalist began the quest
                  | for the Orb.
     0 | D:1      | Reached XP level 1. HP: 10/10 MP: 3/3
    85 | D:1      | Found Diewn's Magic Scroll Shop.
   206 | D:1      | Reached skill level 1 in Transmutations
   281 | D:1      | Reached XP level 2. HP: 8/15 MP: 5/5
   622 | D:1      | Reached skill level 4 in Earth Magic
   975 | D:1      | Reached XP level 3. HP: 19/19 MP: 2/6
  1500 | D:2      | Learned a level 3 spell: Stone Arrow
  1915 | D:2      | Reached skill level 1 in Conjurations
  1915 | D:2      | Reached XP level 4. HP: 17/24 MP: 2/7
  2241 | D:2      | Reached skill level 5 in Earth Magic
  2622 | D:3      | Found Cenuqeu's Jewellery Emporium.
  3011 | D:3      | Reached XP level 5. HP: 13/28 MP: 1/8
  3484 | D:3      | Noticed a necrophage
  3491 | D:3      | Killed a necrophage
  4309 | D:4      | Reached XP level 6. HP: 31/32 MP: 7/9
  4585 | D:4      | Reached skill level 6 in Earth Magic
  5229 | D:4      | Reached skill level 1 in Fighting
  5229 | D:4      | Reached XP level 7. HP: 9/38 MP: 5/10
  5795 | D:5      | Entered Level 5 of the Dungeon
  5801 | D:5      | Reached skill level 7 in Earth Magic
  7077 | D:5      | Reached skill level 5 in Conjurations
  7077 | D:5      | Reached XP level 8. HP: 45/46 MP: 5/11
  7078 | D:5      | Reached skill level 5 in Stealth
  7173 | D:5      | Found Sucwie Goffe's Book Emporium.
  7431 | D:5      | Reached skill level 8 in Earth Magic
  7491 | D:5      | Found a burning altar of Makhleb.
  7559 | D:5      | Noticed Dowan
  7946 | D:4      | Reached skill level 5 in Fighting
  8108 | D:5      | Noticed Duvessa
  8469 | D:5      | Killed Dowan
  8476 | D:5      | Slain by Duvessa

Illustrated notes

Levels and vault maps discovered:
D:1:      dpeg_arrival_arbitrary_a, layout_loops_ring, serial_shops, shop
D:2:      layout_loops_ring, minmay_misc_feat_five, kennysheep_generic_room_14
D:3:      layout_basic, serial_shops, nicolae_shop_trees
D:4:      minmay_razor_zed, layout_basic
D:5:      layout_basic, makhleb_blood_cavern_becter, serial_shops, shop,
          uniq_duvessa

Skill      XL: |  1  2  3  4  5  6  7  8 |
---------------+-------------------------+-----
Transmutations | 1 |  1.0
Earth Magic    | 4 5 6 7 8 |  8.8
Dodging        | 2 |  2.0
Conjurations   | 1 3 4 5 |  5.0
Stealth        | 3 4 5 |  5.0
Fighting       | 1 3 5 |  5.0
Spellcasting   | |  2.0

Action                   |  1- 3 |  4- 6 |  7- 9 || total
-------------------------+-------+-------+-------++-------
Melee: Spear             |    50 |       |       ||    50
       Dagger            |    71 |   229 |    94 ||   394
       Punch             |     2 |     1 |     2 ||     5
 Cast: Sandblast         |    12 |    34 |    51 ||    97
       Stone Arrow       |       |     1 |    10 ||    11
 Stab: Sleeping          |     8 |     2 |     1 ||    11
Armor: Robe              |    15 |     1 |    80 ||    96
       Leather armour    |    13 |   103 |       ||   116
Dodge: Dodged            |    71 |   134 |   123 ||   328
